 Dungeon Crawl Stone Soup version 0.21.1-1-g345015fe64 (webtiles) character file.

23456 DildoBatman the Bewitcher (level 13, -1/96 HPs)
             Began as a Formicid Enchanter on Feb 28, 2018.
             Was a High Priest of Sif Muna.
             Slain by a fire elemental (12 damage)
             ... in a volcano.
             The game lasted 01:43:43 (16762 turns).

DildoBatman the Bewitcher (Formicid Enchanter)     Turns: 16762, Time: 01:43:44

Health: -1/96      AC: 12    Str: 19    XL:     13   Next: 35%
Magic:  19/22      EV: 14    Int: 14    God:    Sif Muna [*****.]
Gold:   904        SH:  7    Dex: 15    Spells: 7/24 levels left

rFire    . . .     SeeInvis +   a - +8 great sword of the Shining Light {flame, +Rage}
rCold    + . .     Gourm    .   l - +2 buckler
rNeg     . . .     Faith    .   o - +0 troll leather armour
rPois    .         Spirit   .   (helmet unavailable)
rElec    .         Reflect  .   B - +1 cloak {rC+}
rCorr    .         Harm     .   k - +0 pair of gloves
MR       +....                  q - +1 pair of boots
Stlth    ++++......             m - amulet of magic regeneration
HPRegen  1.66/turn              i - +4 ring of dexterity
MPRegen  0.43/turn              X - +2 ring of protection

@: regenerating
A: permanent stasis, dig shafts and tunnels, four strong arms, antennae 3
a: Dig, Shaft Self, Divine Energy, Channel Magic, Forget Spell, Renounce
Religion


You were in a volcano.
You worshipped Sif Muna.
Sif Muna was extremely pleased with you.
You were not hungry.

You visited 3 branches of the dungeon, and saw 14 of its levels.
You also visited: Ossuary, Ice Cave and Volcano.

You collected 904 gold pieces.

Inventory:

Hand Weapons
 a - the +8 great sword of the Shining Light (weapon) {flame, +Rage}
   (You took it off a frost giant in an ice cave)

   It has been specially enchanted to burn those struck by it, causing extra
   injury to most foes and up to half again as much damage against particularly
   susceptible opponents.
   Big, fiery blades are also staple armaments of hydra-hunters.
   It lets you go berserk.
 b - the +1 short sword of the Fifty Runes {flame, *Corrode rC+++ Int+6 SInv}
   (You found it on level 5 of the Dungeon)

   It has been specially enchanted to burn those struck by it, causing extra
   injury to most foes and up to half again as much damage against particularly
   susceptible opponents.
   It affects your intelligence (+6).
   It renders you almost immune to cold.
   It lets you see invisible.
   It may corrode you when you take damage.
 c - a +1 dagger of venom
 h - a +4 scimitar of flaming
 D - a +1 scimitar of flaming
Armour
 k - a +0 pair of gloves (worn)
 l - a +2 buckler (worn)
 o - a +0 troll leather armour (worn)
 p - the +4 scale mail of Foolhardiness {+Fly Int+6 Stlth+}
   (You found it on level 1 of the Lair of Beasts)

   It affects your intelligence (+6).
   It lets you fly.
   It makes you more stealthy.
 q - a +1 pair of boots (worn)
 B - a +1 cloak of cold resistance (worn)
Jewellery
 i - a +4 ring of dexterity (left hand)
 j - an uncursed ring of ice
 m - an amulet of magic regeneration (around neck)
 u - an uncursed ring of protection from cold
 G - an uncursed ring of protection from magic
 H - a -2 ring of protection
 T - an uncursed ring of positive energy
 X - a +2 ring of protection (right hand)
Scrolls
 d - a scroll of fog {unknown}
 n - a scroll of fear
 w - a scroll of acquirement {unknown}
 x - 2 scrolls of remove curse
 z - 5 scrolls of identify
 K - 3 scrolls of magic mapping
Potions
 g - 5 potions of mutation {unknown}
 r - a potion of heal wounds {unknown}
 s - 3 potions of flight {unknown}
 t - 2 potions of might
 A - 7 potions of curing
Books
 e - Tavvomoo's Grimoire of Bewitchment
   (Sif Muna gifted it to you in an ice cave)

   Spells                             Type                      Level
   a - Slow                           Hexes                        2
   b - Summon Guardian Golem          Hexes/Summoning              3
   c - Silence                        Hexes/Air                    5
   d - Darkness                       Hexes                        6
 f - Sif Muna's Disquisition on Attacks
   (Sif Muna gifted it to you on level 11 of the Dungeon)

   Spells                             Type                      Level
   a - Sting                          Conjuration/Poison           1
   b - Magic Dart                     Conjuration                  1
   c - Irradiate                      Conjuration/Transmutation    5
   d - Orb of Destruction             Conjuration                  7
 y - a book of Enchantments

   Spells                             Type                      Level
   a - Cause Fear                     Hexes                        4
   b - Yara's Violent Unravelling     Hexes/Transmutation          5
   c - Silence                        Hexes/Air                    5
   d - Deflect Missiles               Charms/Air                   6
   e - Discord                        Hexes                        8
Comestibles
 v - 23 rations


   Skills:
 - Level 7.0 Fighting
 - Level 1.0 Short Blades
 - Level 6.0 Armour
 - Level 4.0 Dodging
 - Level 8.0 Stealth
 - Level 5.0 Shields
 - Level 6.0 Spellcasting
 * Level 17.2 Hexes
 * Level 5.4 Charms
 * Level 5.5 Necromancy
 - Level 2.0 Air Magic


You had 7 spell levels left.
You knew the following spells:

 Your Spells              Type           Power        Failure   Level  Hunger
a - Slow                  Hex            ######..     1%          2    #......
b - Confuse               Hex            ######..     1%          3    ###....
c - Spectral Weapon       Hex/Chrm       #####...     1%          3    ###....
d - Regeneration          Chrm/Necr      ###.......   5%          3    ###....
e - Corona                Hex            ######.      0%          1    None
j - Silence               Hex/Air        ####......   10%         5    ######.


Dungeon Overview and Level Annotations

Branches:
Dungeon (11/15)            Temple (1/1) D:6            Lair (2/6) D:10
 Shoals (0/4) Lair:2
  Snake: Lair:2-4    Spider: Lair:2-4       Orc: D:9-12

Altars:
Ashenzari
Cheibriados
Dithmenos
Elyvilon
Fedhas
Gozag
Hepliaklqana
Kikubaaqudgha
Makhleb
Nemelex Xobeh
Okawaru
Qazlal
Ru
Sif Muna
Trog
Uskayaw
Vehumet
Wu Jian
Xom
Yredelemnul
Zin
The Shining One

Shops:
D:4 [   D:7 [

Annotations:
D:11 exclusion: hydra, Harold
Temple exclusion: electric eel


Innate Abilities, Weirdness & Mutations

You cannot be hasted, slowed, berserked, paralysed or teleported.
You can dig through walls and to a lower floor.
Your four strong arms can wield two-handed weapons with a shield.
You have a pair of large antennae on your head. (SInv)


Message History

You dig through the rock wall.
The fire elemental hits you. The fire elemental burns you!
You dig through the rock wall.
Casting: Regeneration
Confirm with . or Enter, or press ? or * to list all spells.
You draw out your weapon's spirit!
The fire elemental hits you. The fire elemental burns you!
You retract your mandibles.
You closely miss the fire elemental.
You are engulfed in blazing flames.
Your spectral weapon completely misses the fire elemental.
The fire elemental hits you. The fire elemental burns you!
The fire elemental hits you. The fire elemental burns you!
The fire elemental hits you. The fire elemental burns you!
You die...

## ##.## ##.(@##
#§..E.## ##§≈§§#.## ###
### #.§§≈§§#.#
##.#####.##
#..≈§§≈§§####....##...§
#§≈§≈§≈§§§...≈§≈.#....≈
#§≈≈v≈≈§§#§§.≈≈≈≈'..∩.§
+#≈#≈#≈##+§≈≈≈§≈≈##..≈≈
###### ####≈≈§§≈##...≈


You could see a fire elemental, a fire vortex and a friendly spectral great
sword of the Shining Light {flame, +Rage}.

Vanquished Creatures
  A frost giant (IceCv)
  Fannar (Lair:2)
  A two-headed ogre (D:10)
  Pikel (D:9)
  2 cyclopes (D:11)
  A manticore (Lair:2)
  2 black mambas
  Joseph (D:7)
  2 ice statues (IceCv)
  A molten gargoyle (Volcano)
  2 efreet (Volcano)
  2 komodo dragons (Lair:2)
  A spiny frog (Lair:2)
  A troll (D:11)
  13 polar bears (IceCv)
  3 hornets
  6 hippogriffs
  13 yaks
  3 wraiths (D:11)
  A fire elemental (Volcano)
  4 hogs (D:7)
  A human (D:7)
  A wyvern (D:10)
  Grum (D:11)
  A hungry ghost (D:8)
  A steam dragon (D:11)
  6 water moccasins
  2 hell hounds (Lair:2)
  5 porcupines
  3 ice beasts
  4 slaves
  15 wolves
  3 sky beasts
  6 ogres
  A phantom (Temple)
  A centaur (D:6)
  4 crocodiles
  2 big kobolds
  9 bullfrogs
  2 earth elementals (Volcano)
  2 water moccasin zombies (D:6)
  A wyvern skeleton (D:6)
  8 scorpions (Ossuary)
  8 killer bees (D:10)
  7 wights
  2 howler monkeys
  9 crimson imps
  3 centaur zombies
  5 jellies
  4 orc priests
  A hound (D:11)
  Jessica (D:3)
  3 bullfrog skeletons
  4 iguanas
  4 orc wizards
  8 worker ants
  Natasha (thrice) (D:2)
  2 hound skeletons
  2 worker ant zombies
  A howler monkey zombie (D:11)
  3 mummies (Ossuary)
  Robin (D:3)
  6 gnolls
  6 scorpion zombies (Ossuary)
  15 adders
  5 shadow imps
  An ooze (D:1)
  An adder zombie (D:10)
  7 worms
  6 dart slugs
  7 leopard geckos
  18 orcs
  A ball python (D:2)
  10 giant cockroaches
  6 gnoll zombies (Ossuary)
  18 goblins
  12 hobgoblins
  21 jackals
  4 quokkas
  6 bats
  4 frilled lizards
  A hobgoblin zombie (Ossuary)
  15 kobolds
  A kobold zombie (Ossuary)
  A leopard gecko skeleton (D:4)
  2 orc zombies (Ossuary)
  3 quokka zombies
  7 rats
  A butterfly (D:6)
  A fire vortex (Volcano)
  12 plants (D:10)
  4 spectral weapons
414 creatures vanquished.

Vanquished Creatures (others)
  12 spectral weapons
12 creatures vanquished.

Grand Total: 426 creatures vanquished

Notes
Turn   | Place    | Note
-------+----------+-------------------------------------------
     0 | D:1      | DildoBatman the Formicid Enchanter began the quest for the Orb.
     0 | D:1      | Reached XP level 1. HP: 13/13 MP: 3/3
     0 | D:1      | Found a snail-covered altar of Cheibriados.
   385 | D:1      | Reached skill level 1 in Fighting
   401 | D:1      | Reached XP level 2. HP: 18/22 MP: 5/5
   682 | D:1      | Reached XP level 3. HP: 12/28 MP: 3/6
   690 | D:1      | Learned a level 3 spell: Confuse
  1709 | D:2      | Found a stormy altar of Qazlal.
  1743 | D:1      | Reached XP level 4. HP: 25/35 MP: 3/7
  1752 | D:1      | Reached skill level 1 in Armour
  1986 | D:2      | Found a stormy altar of Qazlal.
  2112 | D:2      | Noticed an ogre
  2227 | D:2      | Reached skill level 1 in Shields
  2256 | D:2      | Reached XP level 5. HP: 39/41 MP: 5/8
  2286 | D:2      | Noticed Natasha
  2601 | D:3      | Found a snail-covered altar of Cheibriados.
  2709 | D:3      | Found a glowing golden altar of the Shining One.
  2828 | D:3      | Became a worshipper of the Shining One
  3035 | D:3      | Noticed Jessica
  3155 | D:3      | Killed Jessica
  3155 | D:3      | Reached XP level 6. HP: 47/47 MP: 3/9
  3171 | D:3      | Identified Jessica's Catalogue of Displacement
  3550 | D:3      | Noticed Robin
  3635 | D:3      | Killed Robin
  4430 | D:4      | Found Jur Vuo's Armour Shop.
  4497 | D:4      | Found a hide-covered altar of Uskayaw.
  4497 | D:4      | Found a shattered altar of Ashenzari.
  4502 | D:4      | Found a basalt altar of Yredelemnul.
  4504 | D:4      | Found a faded altar of an unknown god.
  4505 | D:4      | Found an ornate altar of the Wu Jian Council.
  4545 | D:4      | Found a sand-covered staircase.
  4565 | Ossuary  | Entered an ossuary
  4581 | Ossuary  | Reached XP level 7. HP: 50/55 MP: 8/10
  4621 | Ossuary  | Reached * piety under the Shining One
  4724 | Ossuary  | Reached skill level 5 in Fighting
  4763 | Ossuary  | Reached ** piety under the Shining One
  4940 | Ossuary  | Reached XP level 8. HP: 53/64 MP: 4/11
  5005 | Ossuary  | Reached skill level 5 in Armour
  5227 | D:4      | Found a radiant altar of Vehumet.
  5531 | D:5      | Entered Level 5 of the Dungeon
  5600 | D:5      | Got an ancient short sword
  5601 | D:5      | Identified the cursed +1 short sword of the Fifty Runes {flame, *Corrode rC+++ Int+6 SInv} (You found it on level 5 of the Dungeon)
  5765 | D:5      | Found a hazy altar of Hepliaklqana.
  7097 | D:6      | Reached skill level 5 in Stealth
  7179 | D:6      | Found an ancient bone altar of Kikubaaqudgha.
  7264 | D:6      | Found a staircase to the Ecumenical Temple.
  7273 | Temple   | Entered the Ecumenical Temple
  7291 | Temple   | Reached *** piety under the Shining One
  7305 | Temple   | Fell from the grace of the Shining One
  7305 | Temple   | Became a worshipper of Sif Muna the Loreminder
  7366 | D:6      | Reached XP level 9. HP: 57/71 MP: 3/12
  7813 | D:6      | Reached skill level 4 in Hexes
  7854 | D:6      | Found a glowing silver altar of Zin.
  7914 | D:6      | Reached skill level 5 in Shields
  8355 | D:2      | Killed Natasha
  8450 | D:2      | Noticed Natasha
  8504 | D:2      | Killed Natasha
  8626 | D:2      | Noticed Natasha
  8638 | D:2      | Killed Natasha
  9032 | D:7      | Reached skill level 5 in Hexes
  9064 | D:7      | Found Vejipsit's Antique Armour Shoppe.
  9267 | D:7      | Noticed Joseph
  9291 | D:7      | Killed Joseph
  9291 | D:7      | Reached * piety under Sif Muna
  9441 | D:7      | Reached skill level 6 in Hexes
  9530 | D:7      | Reached XP level 10. HP: 79/79 MP: 16/16
  9690 | D:7      | Reached skill level 7 in Hexes
  9750 | D:7      | Reached skill level 8 in Hexes
  9897 | D:8      | Reached ** piety under Sif Muna
 10039 | D:8      | Found a shadowy altar of Dithmenos.
 10217 | D:8      | Reached skill level 9 in Hexes
 10257 | D:8      | Learned a level 3 spell: Spectral Weapon
 10261 | D:8      | Learned a level 3 spell: Regeneration
 10354 | D:8      | Found a shimmering altar of Xom.
 10356 | D:8      | Found a sparkling altar of Nemelex Xobeh.
 10356 | D:8      | Found a sacrificial altar of Ru.
 10358 | D:8      | Found a white marble altar of Elyvilon.
 10358 | D:8      | Found a stormy altar of Qazlal.
 10358 | D:8      | Found a shimmering altar of Xom.
 10771 | D:8      | Reached skill level 1 in Charms
 11054 | D:9      | Noticed Pikel
 11253 | D:9      | Killed Pikel
 11253 | D:9      | Reached skill level 1 in Necromancy
 11514 | D:10     | Entered Level 10 of the Dungeon
 11549 | D:10     | Reached *** piety under Sif Muna
 11580 | D:10     | Reached skill level 10 in Hexes
 11656 | D:10     | Found a staircase to the Lair.
 11739 | D:10     | Reached XP level 11. HP: 49/84 MP: 17/17
 11979 | D:10     | Noticed a two-headed ogre
 12075 | D:7      | Paralysed by fainting for 7 turns
 12097 | D:7      | Paralysed by fainting for 11 turns
 12125 | D:7      | Reached skill level 11 in Hexes
 12229 | D:10     | Reached **** piety under Sif Muna
 12304 | D:10     | Killed a two-headed ogre
 12304 | D:10     | Reached skill level 5 in Spellcasting
 12764 | D:11     | Noticed a four-headed hydra
 12945 | D:11     | Reached ***** piety under Sif Muna
 12945 | D:11     | Identified Sif Muna's Disquisition on Attacks (Sif Muna gifted it to you on level 11 of the Dungeon)
 12945 | D:11     | Received a gift from Sif Muna
 12980 | D:11     | Reached skill level 12 in Hexes
 12983 | D:11     | Noticed Harold
 13324 | D:11     | Noticed Grum
 13333 | D:11     | Killed Grum
 13348 | D:11     | Noticed a cyclops
 13413 | D:11     | Killed a cyclops
 13413 | D:11     | Reached skill level 13 in Hexes
 13413 | D:11     | Reached XP level 12. HP: 84/91 MP: 17/21
 13756 | Lair:1   | Entered Level 1 of the Lair of Beasts
 13893 | Lair:1   | Got a scorched scale mail
 13963 | Lair:1   | Found a frozen archway.
 14032 | Lair:1   | Identified the +4 scale mail of Foolhardiness {+Fly Int+6 Stlth+} (You found it on level 1 of the Lair of Beasts)
 14037 | IceCv    | Entered an ice cave
 14057 | IceCv    | Reached skill level 14 in Hexes
 14452 | IceCv    | Reached skill level 15 in Hexes
 14798 | IceCv    | Noticed a frost giant
 14867 | IceCv    | Identified Tavvomoo's Grimoire of Bewitchment (Sif Muna gifted it to you in an ice cave)
 14867 | IceCv    | Received a gift from Sif Muna
 14884 | IceCv    | Learned a level 2 spell: Slow
 14890 | IceCv    | Learned a level 5 spell: Silence
 15146 | IceCv    | Reached skill level 16 in Hexes
 15377 | IceCv    | Killed a frost giant
 15388 | IceCv    | Got a pitted great sword {flame}
 15472 | IceCv    | Identified the +8 great sword of the Shining Light {flame, +Rage} (You took it off a frost giant in an ice cave)
 15777 | Lair:1   | Reached XP level 13. HP: 96/96 MP: 19/22
 16231 | Lair:2   | Found a staircase to the Shoals.
 16302 | Lair:2   | Noticed Fannar
 16310 | Lair:2   | Killed Fannar
 16310 | Lair:2   | Reached skill level 17 in Hexes
 16310 | Lair:2   | Reached skill level 5 in Necromancy
 16310 | Lair:2   | Reached skill level 1 in Air Magic
 16312 | Lair:2   | Reached skill level 5 in Charms
 16397 | Lair:2   | Found a dark tunnel.
 16413 | Volcano  | Entered a volcano
 16762 | Volcano  | Slain by a fire elemental

Skill      XL: |  1  2  3  4  5  6  7  8  9 10 11 12 13 |
---------------+----------------------------------------+-----
Fighting       | 1 2 3 4 5 6 7 |  7.0
Dodging        | 2 3 4 |  4.0
Armour         | 2 3 4 5 6 |  6.0
Stealth        | 4 5 7 8 |  8.0
Shields        | 1 3 4 5 |  5.0
Hexes          | 6 10 13 16 17 | 17.2
Spellcasting   | 4 6 |  6.0
Charms         | 3 4 5 |  5.4
Necromancy     | 3 4 5 |  5.5
Air Magic      | 2 |  2.0
Short Blades   | |  1.0

Action                   |  1- 3 |  4- 6 |  7- 9 | 10-12 | 13-15 || total
-------------------------+-------+-------+-------+-------+-------++-------
Melee: Dagger            |   140 |   245 |   277 |   288 |       ||   950
       Short sword       |       |     7 |   244 |    58 |       ||   309
       Trident           |       |       |       |    40 |       ||    40
       Flail             |       |       |       |   397 |       ||   397
       Great sword       |       |       |       |     2 |    70 ||    72
 Cast: Corona            |    30 |    54 |    81 |    34 |       ||   199
       Confuse           |       |     2 |    19 |   102 |     6 ||   129
       Spectral Weapon   |       |       |       |   104 |    13 ||   117
       Regeneration      |       |       |       |    68 |    17 ||    85
       Slow              |       |       |       |     9 |     2 ||    11
       Silence           |       |       |       |       |     2 ||     2
Invok: Divine Shield     |       |       |     1 |       |       ||     1
 Abil: Dig               |     3 |    10 |     9 |    21 |     3 ||    46
  Use: Scroll            |       |       |    11 |     2 |     2 ||    15
 Stab: Confused          |       |       |     4 |    30 |       ||    34
       Sleeping          |       |       |     3 |    12 |       ||    15
       Distracted        |       |       |       |     3 |     1 ||     4
  Eat: Chunk             |     3 |    13 |    17 |    43 |     5 ||    81
       Ration            |       |       |     1 |     1 |     1 ||     3
Armor: Ring mail         |    66 |    78 |    84 |   123 |       ||   351
       Leather armour    |       |       |     1 |       |       ||     1
       Troll leather arm |       |       |       |    23 |     8 ||    31
       Scale mail        |       |       |       |   135 |    17 ||   152
Dodge: Dodged            |    84 |   141 |   226 |   388 |    31 ||   870
Block: Buckler           |       |    38 |   133 |   248 |    24 ||   443
       Rpst.: Great sword |       |       |       |       |     4 ||     4
